 Dungeon Sprint DCSS version 0.16-a0-331-g39fd2ee (webtiles) character file.

3200000 PolkaDot the Grand Master (level 17, -34/116 HPs)
             Began as a Vine Stalker Monk on Sept 6, 2014.
             Was a High Priest of Makhleb.
             Annihilated by a meat berserker
             ... wielding a +9 battleaxe
              (36 damage)
             ... in the Dungeon (Sprint VIII: "Arena of Blood").
             The game lasted 00:02:37 (32 turns).

PolkaDot the Grand Master (Vine Stalker Monk)         Turns: 32, Time: 00:02:38

HP -34/116       AC  2     Str 15      XL: 17   Next: 40%
MP   0/21        EV 34     Int 10      God: Makhleb [*****.]
Gold 0           SH  0     Dex 23      Spells:  0 memorised, 16 levels left

rFire  . . .     SeeInvis .     d - +∞ Axe of Woe
rCold  . . .     Clarity  .     a - +0 robe
rNeg   . . .     rCorr    .     (no shield)
rPois  .         rRot     +     (no helmet)
rElec  .         Spirit   +     (no cloak)
SustAb .         Warding  .     (no gloves)
rMut   .         NoTele   +     (no boots)
Gourm  .                        (no amulet)
MR     ++...                    (no ring)
                                (no ring)

@: very resistant to hostile enchantments, incredibly stealthy
A: fangs 3, regeneration 3, magic shield, antimagic bite, no device heal 3, rot
immunity
a: Minor Destruction, Lesser Servant of Makhleb, Major Destruction, Greater
Servant of Makhleb, Renounce Religion


You were in the Dungeon.
You worshipped Makhleb.
Makhleb was extremely pleased with you.
You were not hungry.

You visited 1 branch

Inventory:

Hand weapons
 d - the +∞ Axe of Woe (weapon)
   (You found it in the Dungeon)
Armour
 a - a +0 robe (worn)
Comestibles
 b - a bread ration
Scrolls
 h - a scroll of blinking
Potions
 c - a potion of curing
 e - a potion of haste
 f - 2 potions of magic
 g - a potion of berserk rage


   Skills:
 + Level 24.2 Fighting
 - Level 12.5 Axes
 - Level 21.0 Dodging
 + Level 23.4 Stealth
 O Level 27 Unarmed Combat


You had 16 spell levels left.
You didn't know any spells.

Dungeon Overview and Level Annotations

Branches:
Dungeon (1/1)

Altars:
Makhleb

Annotations:
D The Servant


Innate Abilities, Weirdness & Mutations

You have razor-sharp teeth.
You regenerate.
When hurt, damage is shared between your health and your magic reserves.
Your bite disrupts and absorbs the magic of your enemies.
Potions and wands cannot restore your health.
You are immune to rotting.


Message History

You hear a shout! x2
The Servant hits you with a +9 glaive of flaming!!!!
* * * LOW MAGIC WARNING * * *
Ouch! That really hurt!
* * * LOW HITPOINT WARNING * * *
The Servant burns you!!
* * * LOW MAGIC WARNING * * *;
* * * LOW HITPOINT WARNING * * *
You hear a shout! x2
The sculptor of flesh appears out of thin air!
A sculptor of flesh comes into view. It is wielding a +9 great sword.
The sculptor of flesh appears out of thin air!
A sculptor of flesh comes into view.
It is wielding a +9 great sword. 2 orcs and an ogre come into view.
Unknown command.
You hear a shout! x5
The meat berserker moves out of view.
The meat berserker rages.
You hear a shout! x2
The meat berserker hits you with a +9 battleaxe!!!
You die...

## ## .. C o...
...##.##.....
.......o.......
o.....#.#......
...............#
.ooo.oo..o........
#.oVo.oo.@@........
.......O.O.........
.........z.........
...#...O...#..... ..
#....z..#.....
....###.......###...
..O......###.oz....
.#........_...o..z
.......#)....#...


You could see The Servant, a destroyer (wandering), 3 sculptors of flesh, a
large bag of meat (inner flame), 3 meat berserkers and 14 bags of meat.

Vanquished Creatures
  A hill giant (D)
  2 ogres (D)
  8 orcs (D)
  3 vampire knights (D)
14 creatures vanquished.

Notes
Turn   | Place    | Note
--------------------------------------------------------------
     0 | D        | PolkaDot, the Vine Stalker Monk, began the quest for the Orb.
     0 | D        | Reached XP level 1. HP: 11/11 MP: 1/1
     3 | D        | Noticed a bag of meat
     4 | D        | Noticed a bag of meat
     4 | D        | Became a worshipper of Makhleb the Destroyer
     4 | D        | Acquired Makhleb's first power
     4 | D        | Acquired Makhleb's second power
     5 | D        | Killed a bag of meat
     5 | D        | Reached skill level 13 in Fighting
     5 | D        | Reached skill level 17 in Stealth
     5 | D        | Reached XP level 2. HP: 13/28 MP: 3/3
     5 | D        | Reached XP level 3. HP: 14/32 MP: 4/4
     5 | D        | Reached XP level 4. HP: 16/37 MP: 5/5
     5 | D        | Reached XP level 5. HP: 17/41 MP: 7/7
     5 | D        | Gained mutation: You heal very quickly. [vine stalker growth]
     5 | D        | Reached XP level 6. HP: 19/46 MP: 8/8
     5 | D        | Reached XP level 7. HP: 20/50 MP: 9/9
     5 | D        | Gained mutation: You have razor-sharp teeth. [vine stalker growth]
     5 | D        | Reached XP level 8. HP: 22/55 MP: 11/11
     5 | D        | Reached XP level 9. HP: 23/59 MP: 12/12
     5 | D        | Reached XP level 10. HP: 24/64 MP: 13/13
     5 | D        | Reached XP level 11. HP: 25/68 MP: 15/15
     8 | D        | Noticed a bag of meat
     8 | D        | Killed a bag of meat
     8 | D        | Reached skill level 15 in Fighting
     8 | D        | Reached skill level 19 in Stealth
     8 | D        | Gained mutation: You regenerate. [vine stalker growth]
     8 | D        | Reached XP level 12. HP: 72/76 MP: 16/16
    11 | D        | Noticed a bag of meat
    13 | D        | Noticed a meat berserker
    13 | D        | Noticed a meat berserker
    13 | D        | Killed a bag of meat
    13 | D        | Reached skill level 20 in Stealth
    13 | D        | Reached XP level 13. HP: 79/81 MP: 11/17
    14 | D        | Noticed a bag of meat
    14 | D        | Killed a meat berserker
    14 | D        | Acquired Makhleb's third power
    14 | D        | Reached skill level 15 in Dodging
    14 | D        | Reached XP level 14. HP: 85/89 MP: 3/18
    14 | D        | Killed a bag of meat
    14 | D        | Reached skill level 22 in Unarmed Combat
    15 | D        | Noticed a bag of meat
    15 | D        | Noticed a bag of meat
    16 | D        | Killed a meat berserker
    16 | D        | Reached skill level 5 in Axes
    16 | D        | Reached skill level 23 in Unarmed Combat
    16 | D        | Reached XP level 15. HP: 93/95 MP: 3/19
    17 | D        | Noticed a large bag of meat
    17 | D        | Killed a bag of meat
    17 | D        | Acquired Makhleb's fourth power
    17 | D        | Reached skill level 24 in Unarmed Combat
    18 | D        | Noticed a bag of meat
    18 | D        | Noticed a destroyer
    18 | D        | Killed a bag of meat
    18 | D        | Reached skill level 25 in Unarmed Combat
    19 | D        | Noticed a destroyer
    19 | D        | Noticed a destroyer
    19 | D        | Killed a destroyer
    19 | D        | Reached skill level 26 in Unarmed Combat
    19 | D        | Reached XP level 16. HP: 104/104 MP: 4/20
    19 | D        | Killed a bag of meat
    19 | D        | Acquired Makhleb's fifth power
    19 | D        | Reached skill level 27 in Unarmed Combat
    20 | D        | Killed a large bag of meat
    20 | D        | Reached skill level 10 in Axes
    21 | D        | Noticed a bag of meat
    22 | D        | Killed a destroyer
    22 | D        | Killed a bag of meat
    22 | D        | Reached XP level 17. HP: 112/114 MP: 2/21
    23 | D        | Killed a destroyer
    25 | D        | Noticed a bag of meat
    25 | D        | Noticed The Servant
    27 | D        | Noticed a bag of meat
    27 | D        | Noticed a meat berserker
    28 | D        | Noticed a meat berserker
    28 | D        | Noticed a meat berserker
    28 | D        | Noticed a bag of meat
    28 | D        | Noticed a bag of meat
    29 | D        | Noticed a bag of meat
    29 | D        | Noticed a bag of meat
    29 | D        | Noticed a bag of meat
    29 | D        | Noticed a bag of meat
    29 | D        | Noticed a bag of meat
    29 | D        | Noticed a bag of meat
    30 | D        | Noticed a destroyer
    30 | D        | Noticed a sculptor of flesh
    31 | D        | Noticed a bag of meat
    31 | D        | HP: 1/116 [The Servant/+9 glaive of flaming (23)]
    32 | D        | Noticed a bag of meat
    32 | D        | Noticed a bag of meat
    32 | D        | Noticed a meat berserker
    32 | D        | Noticed a sculptor of flesh
    32 | D        | Noticed a sculptor of flesh
    32 | D        | Annihilated by a meat berserker

Action                   |  1- 3 |  4- 6 |  7- 9 | 10-12 | 13-15 | 16-18 || total
-------------------------+-------+-------+-------+-------+-------+-------++-------
Melee: Executioner's axe |     1 |       |       |     2 |     5 |     3 ||    11
